 Dungeon Crawl Stone Soup version 0.23.2-1-ga50397a (webtiles) character file.

Game seed: 15130514578051301

10287 schauveau the Basher (level 11, -2/73 HPs)
             Began as a Gargoyle Monk on Apr 26, 2019.
             Was a High Priest of Okawaru.
             Slain by a manticore (7 damage)
             ... on level 11 of the Dungeon.
             The game lasted 00:22:09 (11477 turns).

schauveau the Basher (Gargoyle Monk)               Turns: 11477, Time: 00:22:10

Health: -2/73      AC: 22    Str: 20    XL:     11   Next: 59%
Magic:  11/11      EV:  9    Int: 11    God:    Okawaru [*****.]
Gold:   345        SH:  0    Dex: 13    Spells: 10/10 levels left

rFire    . . .     SeeInvis +   a - +1 morningstar (crush)
rCold    . . .     Gourm    .   (no shield)
rNeg     + . .     Faith    .   P - +1 chain mail of Thoughtfulness {MR+}
rPois    ∞         Spirit   .   (no helmet)
rElec    +         Reflect  .   (no cloak)
rCorr    .         Harm     .   j - +0 pair of gloves
MR       +....                  (no boots)
Stlth    ..........             (no amulet)
HPRegen  0.22/turn              u - ring of see invisible
MPRegen  0.12/turn              S - +3 ring of strength

@: about to teleport, barbed spikes
A: blink, negative energy resistance 1, electricity resistance, unbreathing,
petrification resistance, rot immunity, MP-powered wands, AC +8
a: Blink, Heroism, Finesse, Renounce Religion


You were on level 11 of the Dungeon.
You worshipped Okawaru.
Okawaru was extremely pleased with you.
You were not hungry.

You visited 2 branches of the dungeon, and saw 12 of its levels.

You collected 657 gold pieces.
You spent 312 gold pieces at shops.

Inventory:

Hand Weapons
 a - a +1 morningstar of crushing (weapon)
 i - a +3 mace
 k - a +0 hunting sling
 n - a +0 hunting sling
 x - a +1 mace of draining
 z - a +0 blowgun
 K - a +1 flail
 O - a +0 dire flail
Missiles
 g - 255 stones (quivered)
 r - 18 tomahawks
 A - 16 poisoned needles
Armour
 j - a +0 pair of gloves (worn)
 F - a +0 plate armour
 P - the +1 chain mail of Thoughtfulness (worn) {MR+}
   (Okawaru gifted it to you on level 9 of the Dungeon)

   It affects your resistance to hostile enchantments.
Jewellery
 s - an uncursed ring of resist corrosion
 u - a ring of see invisible (left hand)
 w - an uncursed ring of protection from cold
 E - an uncursed ring of stealth
 S - a +3 ring of strength (right hand)
Wands
 l - a wand of acid (19)
 p - a wand of iceblast (5)
 v - a wand of polymorph (12)
 H - a wand of disintegration (8)
 L - a wand of paralysis (12)
 M - a wand of flame (25)
 Q - a wand of enslavement (11)
Scrolls
 e - 2 scrolls of enchant armour
 h - a scroll of brand weapon {unknown}
 t - 2 scrolls of teleportation
 y - 2 scrolls of noise
 B - a scroll of fog {unknown}
 C - 2 scrolls of enchant weapon
 D - 2 scrolls of remove curse
 G - a scroll of amnesia {unknown}
 N - a scroll of immolation {unknown}
 R - a scroll of acquirement {unknown}
Potions
 b - 2 potions of haste
 d - 5 potions of curing
 f - a potion of flight
 m - a potion of cancellation
 o - 6 potions of might
 q - 3 potions of agility
 I - a potion of degeneration {unknown}
 J - a potion of lignification {unknown}
Comestibles
 c - 14 rations


   Skills:
 + Level 10.3 Fighting
 * Level 12.7 Maces & Flails
 + Level 9.8 Armour
 - Level 2.4 Dodging
 - Level 2.1 Stealth


You had 10 spell levels left.
You didn't know any spells.
Your spell library contained the following spells:

 Spells                   Type           Power        Failure   Level  Hunger
 Animate Skeleton         Necr           N/A          95%         1    ##.....
 Apportation              Tloc           #.....       95%         1    ##.....
 Confusing Touch          Hex            #.....       95%         1    ##.....
 Sandblast                Erth           #.....       95%         1    ##.....
 Summon Small Mammal      Summ           #...         95%         1    ##.....
 Passwall                 Tmut/Erth      #.......     98%         2    ###....
 Stone Arrow              Conj/Erth      #.....       100%        3    ####...
 Petrify                  Tmut/Erth      #.......     100%        4    #####..
 Lee's Rapid Deconstruct  Erth           #.........   100%        5    ######.


Dungeon Overview and Level Annotations

Branches:
Dungeon (11/15)            Temple (1/1) D:4            Lair (0/6) D:8
    Orc: D:9-12

Altars:
Ashenzari
Cheibriados
Dithmenos
Elyvilon
Fedhas
Gozag
Hepliaklqana
Kikubaaqudgha
Makhleb
Nemelex Xobeh
Okawaru
Qazlal
Ru
Sif Muna
Uskayaw
Vehumet
Wu Jian
Yredelemnul
Zin
The Shining One

Shops:
D:6 !   D:10 **

Annotations:
D:10 2 transporters, totalnoob's ghost, journeyman GnEE


Innate Abilities, Weirdness & Mutations

You are resistant to torment.
Your stone body is resilient. (AC +8)
You are immune to poison.
You resist negative energy. (rN+)
You are resistant to electric shocks. (rElec)
You can survive without breathing.
You are immune to petrification.
You are immune to rotting.
You can translocate small distances at will.
You expend magic power (3 MP) to strengthen your wands.


Message History

You feel better.
The manticore bites you but does no damage.
The manticore barely misses you.
The manticore claws you but does no damage.
As you read the scroll of teleportation, it crumbles to dust.
You feel strangely unstable. The manticore closely misses you.
The manticore claws you.
* * * LOW HITPOINT WARNING * * *
The manticore claws you but does no damage.
You feel better. The manticore bites you!
* * * LOW HITPOINT WARNING * * *
The manticore claws you.
* * * LOW HITPOINT WARNING * * *
The manticore claws you.
* * * LOW HITPOINT WARNING * * *
You feel better. The manticore bites you.
* * * LOW HITPOINT WARNING * * *
The manticore claws you but does no damage.
The manticore claws you!
You die...

#...# #.##.##. #...#
#.##.##.
####...###.......
####......>...##.##.
...........>..##.##. ##
###.......)....[... ###..
####...##..##.##.
.≈....######...##........
≈≈≈≈.P.H@......###.......
..≈P≈..######.........##.
..P≈≈≈. #############
.≈≈≈≈≈. ≈≈≈≈≈≈. ≈≈≈≈≈..
≈≈≈≈≈.# ≈a≈≈..


You could see a manticore.

Vanquished Creatures
  A two-headed ogre (D:8)
  An unseen horror (D:9)
  A deep elf mage (D:9)
  Maurice (D:11)
  A centaur skeleton (D:9)
  A troll (D:9)
  3 hippogriffs
  A shadow (D:11)
  10 yaks
  2 hungry ghosts
  2 steam dragons (D:6)
  2 soldier ants
  3 water moccasins
  2 orc warriors
  5 ice beasts
  A black bear (D:10)
  4 ogres
  An eye of draining (D:8)
  2 necrophages
  A wolf (D:11)
  A crocodile (D:11)
  2 centaurs
  12 bullfrogs
  A big kobold (D:11)
  A water moccasin skeleton (D:7)
  3 scorpions
  19 killer bees
  A howler monkey (D:4)
  2 crimson imps
  2 bullfrog zombies
  3 hounds
  2 jellies
  4 orc priests
  2 bullfrog skeletons
  4 iguanas
  8 worker ants
  3 orc wizards (D:4)
  A hound zombie (D:9)
  2 hound skeletons (D:7)
  3 worker ant zombies
  11 adders
  A river rat (D:11)
  3 shadow imps
  An ooze (D:3)
  2 adder skeletons
  2 adder zombies
  6 worms
  A dart slug (D:1)
  7 leopard geckos
  34 orcs
  8 bats
  4 giant cockroaches
  2 gnoll zombies (D:4)
  5 goblins
  5 hobgoblins
  15 jackals
  8 kobolds
  6 quokkas
  A ball python (D:1)
  5 frilled lizards
  10 rats
258 creatures vanquished.

Vanquished Creatures (others)
  An adder (D:9)
1 creature vanquished.

Grand Total: 259 creatures vanquished

Notes
Turn   | Place    | Note
-------+----------+-------------------------------------------
     0 | D:1      | schauveau the Gargoyle Monk began the quest for the Orb.
     0 | D:1      | Reached XP level 1. HP: 14/14 MP: 1/1
   152 | D:2      | Reached XP level 2. HP: 19/19 MP: 2/2
   216 | D:1      | Reached skill level 1 in Armour
   241 | D:2      | Reached XP level 3. HP: 23/23 MP: 3/3
   422 | D:2      | Found a faded altar of an unknown god.
   710 | D:3      | Reached skill level 4 in Maces & Flails
   710 | D:3      | Reached XP level 4. HP: 29/29 MP: 4/4
   903 | D:3      | Found a sparkling altar of Nemelex Xobeh.
   916 | D:4      | Found a hazy altar of Hepliaklqana.
   969 | D:4      | Reached XP level 5. HP: 33/33 MP: 5/5
   987 | D:5      | Entered Level 5 of the Dungeon
   987 | D:5      | Noticed an ogre
  1180 | D:4      | Reached skill level 5 in Maces & Flails
  1180 | D:4      | Reached XP level 6. HP: 28/39 MP: 6/6
  1352 | D:4      | Found a basalt altar of Yredelemnul.
  1505 | D:4      | Found a staircase to the Ecumenical Temple.
  1511 | Temple   | Entered the Ecumenical Temple
  1533 | Temple   | Became a worshipper of Warmaster Okawaru
  1533 | Temple   | Reached * piety under Okawaru
  1533 | Temple   | Reached ** piety under Okawaru
  1645 | D:3      | Found a stormy altar of Qazlal.
  2633 | D:2      | Gained mutation: You are agile. (Dex +2) [potion of
                  | mutation]
  2633 | D:2      | Gained mutation: You have a pair of small horns on your
                  | head. [potion of mutation]
  2991 | D:3      | Lost mutation: You are agile. (Dex +2) [potion of mutation]
  2991 | D:3      | Lost mutation: You have a pair of small horns on your head.
                  | [potion of mutation]
  2991 | D:3      | Gained mutation: You expend magic power (3 MP) to
                  | strengthen your wands. [potion of mutation]
  2991 | D:3      | Gained mutation: You can translocate small distances at
                  | will. [potion of mutation]
  3190 | D:3      | Found a white marble altar of Elyvilon.
  3451 | D:3      | Found a hide-covered altar of Uskayaw.
  4204 | D:4      | Reached skill level 5 in Fighting
  4407 | D:5      | Found a stormy altar of Qazlal.
  4426 | D:6      | Reached XP level 7. HP: 43/44 MP: 7/7
  4478 | D:5      | Reached skill level 6 in Maces & Flails
  5141 | D:6      | Reached skill level 7 in Maces & Flails
  5141 | D:6      | Reached XP level 8. HP: 21/51 MP: 8/8
  5175 | D:6      | Found Vuluter's Distillery.
  5178 | D:6      | Bought a potion of haste for 120 gold pieces
  5178 | D:6      | Bought a potion of heal wounds for 60 gold pieces
  5178 | D:6      | Bought a potion of curing for 36 gold pieces
  5178 | D:6      | Bought 2 potions of might for 96 gold pieces
  5264 | D:6      | Reached *** piety under Okawaru
  5335 | D:6      | HP: 2/51 [steam dragon] (7)]
  5348 | D:6      | Reached skill level 5 in Armour
  5674 | D:6      | Found a sparkling altar of Nemelex Xobeh.
  5852 | D:6      | Reached skill level 8 in Maces & Flails
  6317 | D:6      | Found a burning altar of Makhleb.
  6319 | D:6      | Found a glowing silver altar of Zin.
  6319 | D:6      | Noticed an angel
  6319 | D:6      | Noticed a blizzard demon
  6482 | D:7      | Reached XP level 9. HP: 52/56 MP: 9/9
  6511 | D:7      | Reached **** piety under Okawaru
  6688 | D:7      | Reached skill level 9 in Maces & Flails
  6814 | D:7      | Found a shattered altar of Ashenzari.
  6916 | D:7      | Reached ***** piety under Okawaru
  7558 | D:7      | Found a radiant altar of Vehumet.
  8314 | D:8      | Reached skill level 10 in Maces & Flails
  8353 | D:8      | Reached XP level 10. HP: 55/64 MP: 0/10
  8359 | D:8      | Received a gift from Okawaru
  8382 | D:8      | Found a staircase to the Lair.
  8449 | D:8      | Noticed a two-headed ogre
  8458 | D:8      | Killed a two-headed ogre
  8673 | D:8      | Found a shattered altar of Ashenzari.
  8781 | D:9      | Noticed a deep elf mage
  8810 | D:9      | Noticed an unseen horror
  9041 | D:9      | Reached skill level 11 in Maces & Flails
  9180 | D:9      | Killed an unseen horror
  9180 | D:9      | Received a gift from Okawaru
  9183 | D:9      | Got a faintly glowing chain mail {god gift}
  9194 | D:9      | Identified the +1 chain mail of Thoughtfulness {MR+}
                  | (Okawaru gifted it to you on level 9 of the Dungeon)
  9315 | D:9      | Found a deep blue altar of Sif Muna.
  9405 | D:10     | Entered Level 10 of the Dungeon
  9713 | D:9      | Reached XP level 11. HP: 52/71 MP: 11/11
  9737 | D:9      | Reached skill level 12 in Maces & Flails
 10076 | D:9      | Killed a deep elf mage
 10391 | D:10     | Reached skill level 10 in Fighting
 10742 | D:10     | Found Hain's Demolitions Depot.
 11049 | D:10     | Found a transporter.
 11053 | D:10     | Found a transporter.
 11054 | D:10     | Noticed totalnoob's ghost (journeyman GnEE)
 11097 | D:10     | Found Omeigiet's General Store.
 11355 | D:11     | Noticed Maurice
 11361 | D:11     | Killed Maurice
 11450 | D:11     | Noticed a manticore
 11476 | D:11     | HP: 3/73 [manticore (4)]
 11477 | D:11     | Slain by a manticore

Skill      XL: |  1  2  3  4  5  6  7  8  9 10 11 |
---------------+----------------------------------+-----
Armour         | 1 2 3 4 5 7 8 9 |  9.8
Maces & Flails | 4 5 7 8 10 11 12 | 12.7
Fighting       | 4 5 6 8 9 10 | 10.3
Dodging        | |  2.4
Stealth        | |  2.1

Action                   |  1- 3 |  4- 6 |  7- 9 | 10-12 || total
-------------------------+-------+-------+-------+-------++-------
Melee: Mace              |    96 |    81 |   199 |     5 ||   381
       Flail             |       |   203 |   295 |       ||   498
       Headbutt          |       |     5 |       |       ||     5
       Morningstar       |       |       |       |   401 ||   401
Invok: Heroism           |       |       |     1 |     1 ||     2
  Use: Potion            |       |     4 |     5 |     4 ||    13
       Scroll            |       |     7 |     1 |     3 ||    11
 Stab: Sleeping          |     2 |       |       |       ||     2
  Eat: Chunk             |       |     8 |     4 |    12 ||    24
       Ration            |       |     1 |     3 |     5 ||     9
Armor: Robe              |    36 |     2 |       |       ||    38
       Chain mail        |       |   199 |    65 |   206 ||   470
       Plate armour      |       |       |   434 |   153 ||   587
Dodge: Dodged            |    74 |   107 |   195 |   214 ||   590
